 Dungeon Crawl Stone Soup version 0.27-a0-1512-g99fd57bada (webtiles) character file.

Game seed: 8291809374247039607

2 haraldwagner the Ruffian (level 1, -1/18 HPs)
             Began as a Naga Transmuter on July 9, 2021.
             Slain by a goblin (2 damage)
             ... on level 1 of the Dungeon.
             The game lasted 00:04:21 (338 turns).

haraldwagner the Ruffian (Naga Transmuter)           Turns: 338, Time: 00:04:21

Health: -1/18      AC:  1    Str: 12    XL:     1   Next: 40%
Magic:  3/3        EV:  9    Int: 13    God:
Gold:   0          SH:  0    Dex: 11    Spells: 3/4 levels left

rFire    . . .     SeeInvis +   b - +0 club
rCold    . . .     Faith    .   (no shield)
rNeg     . . .     Spirit   .   a - +0 robe {DESTROYER OF WORLDS}
rPois    +         Reflect  .   (no helmet)
rElec    .         Harm     .   (no cloak)
rCorr    .         Rampage  .   (no gloves)
Will     .....                  (no barding)
Stlth    +.........             (no amulet)
HPRegen  0.06/turn              (no ring)
MPRegen  0.08/turn              (no ring)

@: very slow
A: AC +0, large, see invisible, deformed body, poison resistance, slowness 2,
spit poison 1, naga tail 1
a: Spit Poison


You were on level 1 of the Dungeon.
You visited 1 branch of the dungeon, and saw 1 of its levels.

Inventory:

Hand Weapons
 b - a +0 club (weapon)
 c - a +0 club
Armour
 a - a +0 robe (worn) {DESTROYER OF WORLDS}


   Skills:
 + Level 1.1 Fighting
 + Level 1.5 Dodging
 + Level 3.1 Unarmed Combat
 + Level 2.0 Spellcasting
 + Level 2.0 Transmutations


You had 3 spell levels left.
You knew the following spells:

 Your Spells              Type           Power      Damage    Failure   Level
a - Beastly Appendage     Tmut           12%        N/A       11%         1

Your spell library contained the following spells:

 Spells                   Type           Power      Damage    Failure   Level
 Wereblood                Tmut           6%         N/A       17%         2
 Spider Form              Tmut/Pois      1%         N/A       45%         3
 Ice Form                 Ice/Tmut       3%         N/A       86%         4


Dungeon Overview and Level Annotations

Branches:
Dungeon (1/15)

Altars:


Innate Abilities, Weirdness & Mutations

Your serpentine skin is tough. (AC +0)
You have supernaturally acute eyesight. (SInv)
Armour fits poorly on your strangely shaped body.
Your system is resistant to poisons. (rPois)
You cover ground very slowly.
You can spit poison.
You have a snake-like lower body.


Message History

The frilled lizard hisses angrily.
A frilled lizard is nearby!
Found a scale mail.
A ball python comes into view.
Found 13 gold pieces.
A goblin comes into view. It is wielding a +0 dagger.
The goblin shouts!
A dart slug comes into view.
The frilled lizard barely misses you.
A rat comes into view.
The frilled lizard barely misses you. The frilled lizard bites you.
The goblin hits you with a +0 dagger.
Found 5 gold pieces.
The frilled lizard bites you but does no damage.
You see here 23 arrows.
The goblin hits you but does no damage. The frilled lizard closely misses you.
The frilled lizard hisses.
The goblin hits you with a +0 dagger. The rat completely misses you.
The frilled lizard barely misses you. The goblin hits you with a +0 dagger.
The rat bites you. The frilled lizard bites you. The rat bites you.
The frilled lizard barely misses you. The frilled lizard barely misses you.
The rat closely misses you.
A hobgoblin comes into view.
The hobgoblin shouts!
The frilled lizard bites you.
* * * LOW HITPOINT WARNING * * *
The goblin hits you with a +0 dagger.
* * * LOW HITPOINT WARNING * * *
Found 9 gold pieces.
A bat comes into view.
You hit the frilled lizard.
You kill the frilled lizard!
A rat comes into view.
The hobgoblin hits you.
* * * LOW HITPOINT WARNING * * *
The goblin hits you with a +0 dagger.
You die...

.......................
...####....#..........≈
.......................
..............$.......≈
###....................
.......................
.....###.#.####r##....
.....# #.#.# #g## #
.....###.#.# #g@#
.........#...)b#.#
.........#.....#..
.........#.....##.#
............... ..
.............## $..
............. r..#
........ .... .......


You could see a hobgoblin, a goblin, a bat and 2 rats.

Vanquished Creatures
  A frilled lizard (D:1)
  2 goblins (D:1)
3 creatures vanquished.

Notes
Turn   | Place    | Note
-------+----------+-------------------------------------------
     0 | D:1      | haraldwagner the Naga Transmuter began the quest for the
                  | Orb.
     0 | D:1      | Reached XP level 1. HP: 18/18 MP: 3/3
   338 | D:1      | Slain by a goblin

Illustrated notes

Levels and vault maps discovered:
D:1:      lightli_molten_gateway, layout_basic, kennysheep_crisscross

Action                   || total
-------------------------++-------
Melee: Unarmed           ||     9
       Club              ||     1
  Use: Scroll            ||     1
Armor: Robe              ||     2
Dodge: Dodged            ||    10

Table legend: (Time is in decaauts)
 A = Elapsed time spent in this place.
 B = Non-inter-level travel time spent in this place.
 C = Inter-level travel time spent in this place.
 D = Time resting spent in this place.
 E = Time spent auto-exploring this place.
 F = Levels seen in this place.
 G = Mean time per level.
                   A        B        C        D        E       F      G
               +--------+--------+--------+--------+--------+-----+--------+
         Total |    367 |    334 |     33 |      0 |    247 |   1 |  367.0 |
       Dungeon |    367 |    334 |     33 |      0 |    247 |   1 |  367.0 |
               +--------+--------+--------+--------+--------+-----+--------+

Top non-repeatable levels by time:
     D:1: 367 daAuts
